 Dungeon Crawl Stone Soup version 0.30-a0-920-g7493c07aab (webtiles) character file.

Game seed: 18045670658847752722

44 Dirtsage the Chopper (level 3, -2/43 HPs)
             Began as a Demonspawn Berserker on Mar 21, 2023.
             Was a Follower of Trog.
             Slain by a gnoll
             ... wielding a +0 flail of holy wrath
              (6 damage)
             ... on level 3 of the Dungeon.
             The game lasted 00:02:02 (1367 turns).

Dirtsage the Chopper (Demonspawn Berserker)         Turns: 1367, Time: 00:02:02

Health: -2/43      AC:  5    Str: 19    XL:     3   Next: 41%
Magic:  3/3        EV: 11    Int: 10    God:    Trog [*.....]
Gold:   87         SH:  0    Dex: 12    Spells: 2/2 levels left

rFire   . . .      SeeInvis .    a - +0 hand axe
rCold   . . .      Faith    .    (no shield)
rNeg    . . .      Spirit   .    e - +0 ring mail
rPois   +          Reflect  .    (no helmet)
rElec   .          Rampage  .    (no cloak)
rCorr   .                        (no gloves)
Will    .....                    (no boots) Stlth
                                 (no amulet)
HPRegen 0.27/turn                P - ring of poison resistance
MPRegen 0.08/turn                (no ring)

@: berserking, very quick
A: big brain 1
a: Renounce Religion, Berserk


You were on level 3 of the Dungeon.
You worshipped Trog.
Trog was aware of your devotion.
You visited 1 branch of the dungeon, and saw 3 of its levels.

You collected 87 gold pieces.

Inventory:

Hand Weapons
 a - a +0 hand axe (weapon)
Armour
 b - a +0 animal skin
 e - a +0 ring mail (worn)
Jewellery
 P - a ring of poison resistance (left hand)
Scrolls
 c - 4 scrolls of identify {unknown}
 d - a scroll of poison {unknown}
 g - 2 scrolls of teleportation {unknown}
 l - a scroll of noise {unknown}
Potions
 f - a potion of heal wounds {unknown}
 h - a potion of ambrosia {unknown}
 i - a potion of might {unknown}
 j - a potion of lignification {unknown}
 k - a potion of mutation {unknown}


   Skills:
 - Level 3.0 Fighting
 + Level 4.1 Axes
 - Level 1.7 Armour
 - Level 1.7 Dodging


You had 2 spell levels left.
You didn't know any spells.
Your spell library was empty.

Dungeon Overview and Level Annotations

Branches:
Dungeon (3/15)

Altars:
Hepliaklqana


Innate Abilities, Weirdness & Mutations

You have an unusually large brain. (Int +2)


Message History

The gnoll throws a throwing net.
The throwing net hits you.
You become entangled in the net!
You see here a throwing net.
You struggle against the net.
You struggle against the net.
The gnoll hits you with a +0 flail of holy wrath.
You convulse.
A goblin comes into view. It is wielding a +0 dagger.
You take 7 damage, and have 22/29 hp.
MASSIVE DAMAGE!!
You struggle against the net.
The gnoll barely misses you.
The gnoll hits you from afar with a +0 spear.
You take 1 damage, and have 21/29 hp.
You fail to use your ability.
The gnoll barely misses you.
You rip the net and break free!
The jackal bites you but does no damage.
The gnoll hits you with a +0 flail of holy wrath!
You convulse.
The gnoll hits you from afar with a +0 spear.
* * * LOW HITPOINT WARNING * * *
You take 14 damage, and have 7/29 hp.
MASSIVE DAMAGE!!
You are too injured to fight recklessly!
A red film seems to cover your vision as you go berserk!
You feel yourself moving faster!
You feel mighty! The jackal barely misses you. The gnoll barely misses you.
The gnoll hits you from afar with a +0 spear!
* * * LOW HITPOINT WARNING * * *
The jackal bites you.
* * * LOW HITPOINT WARNING * * *
The jackal closely misses you.
You now have 4/43 hp.
You hit the gnoll.
The gnoll is lightly wounded.
You hit the gnoll. You slash the jackal!
You kill the jackal!
Trog accepts your kill.
You slash the jackal!
You kill the jackal!
Trog accepts your kill.
The gnoll hits you with a +0 flail of holy wrath.
You die...

#...# #.#
##...## #.#
#8...8# #.. #
##...###### #
##8##...##8###8#
................
......⌠.........
........$.......
##8##.g@##8###8#
## #..g# ##
#8..g8 ##g..##
#...# #...#
8...8 ##...#


You could see 3 gnolls and a goblin.

Vanquished Creatures
  2 adders
  An endoplasm (D:1)
  3 giant cockroaches (D:1)
  A goblin (D:1)
  3 hobgoblins
  2 jackals (D:3)
  6 kobolds
  A quokka (D:2)
  3 ball pythons
  2 bats (D:2)
  3 frilled lizards (D:1)
  A rat (D:2)
28 creatures vanquished.

Notes
Turn   | Place    | Note
-------+----------+-------------------------------------------
     0 | D:1      | Dirtsage the Demonspawn Berserker began the quest for the
                  | Orb.
     0 | D:1      | Reached XP level 1. HP: 18/18 MP: 1/1
    41 | D:1      | Reached skill level 3 in Axes
   127 | D:1      | Gained mutation: You have an unusually large brain. (Int
                  | +2) [demonic ancestry]
   127 | D:1      | Reached XP level 2. HP: 18/24 MP: 2/2
   753 | D:2      | Reached XP level 3. HP: 27/29 MP: 3/3
  1234 | D:3      | Reached skill level 4 in Axes
  1247 | D:3      | Found a hazy altar of Hepliaklqana.
  1367 | D:3      | Slain by a gnoll

Illustrated notes

Levels and vault maps discovered:
D:1:      heliophobic_arrival_glass_houses, layout_rooms
D:2:      layout_basic
D:3:      layout_basic, mainiacjoe_overflow_brackets,
          nicolae_gozag_seed_capital, serial_corexii_hall,
          corexii_hall_statues_x, chequers_hall_statues_y,
          corexii_hall_statues_l, chequers_hall_statues_wall_a

Skill      XL: |  1  2  3 |
---------------+----------+-----
Axes           | 3 4 |  4.1
Fighting       | |  3.0
Armour         | |  1.7
Dodging        | |  1.7

Action                     || total
---------------------------++-------
  Melee: Hand axe          ||    80
         Punch             ||     2
 Invoke: Berserk           ||     1
 Armour: Animal skin       ||     5
         Ring mail         ||    21
  Dodge: Dodged            ||    58

Table legend: (Time is in decaauts)
 A = Elapsed time spent in this place.
 B = Non-inter-level travel time spent in this place.
 C = Inter-level travel time spent in this place.
 D = Time resting spent in this place.
 E = Time spent auto-exploring this place.
 F = Levels seen in this place.
 G = Mean time per level.
                   A        B        C        D        E       F      G
               +--------+--------+--------+--------+--------+-----+--------+
         Total |   1375 |   1341 |     34 |      0 |   1128 |   3 |  458.3 |
       Dungeon |   1375 |   1341 |     34 |      0 |   1128 |   3 |  458.3 |
               +--------+--------+--------+--------+--------+-----+--------+

Top non-repeatable levels by time:
     D:1: 657 daAuts
     D:2: 580 daAuts
     D:3: 137 daAuts
